 Dungeon Crawl Stone Soup version 0.31-a0-1178-gc5c9b8f871 (webtiles) character file.

Game seed: 4738073541793131438

49 Lobster4 the Magician (level 3, 0/28 HPs)
             Began as a Deep Elf Hedge Wizard on Dec 11, 2023.
             Succumbed to an adder's poison
             ... on level 2 of the Dungeon.
             The game lasted 00:02:51 (1362 turns).

Lobster4 the Magician (Deep Elf Hedge Wizard)       Turns: 1362, Time: 00:02:52

Health: 0/28       AC:  3    Str:  7    XL:     3   Next: 51%
Magic:  0/11       EV: 13    Int: 18    God:
Gold:   89         SH:  0    Dex: 16    Spells: 10/11 levels left

rFire   . . .        a - +3 short sword
rCold   . . .        (no shield)
rNeg    . . .        b - +0 robe
rPois   .            f - +0 helmet {SInv}
rElec   .            (no cloak)
rCorr   .            (no gloves)
SInv    +            (no boots)
Will    .....        (no amulet) Stlth
                     (no ring)
HPRegen 0.24/turn    (no ring)
MPRegen 0.12/turn

%: no passive effects
@: berserking, lethally poisoned (0 -> -6), very quick
A: no striking features
a: no special abilities


You were on level 2 of the Dungeon.
You visited 1 branch of the dungeon, and saw 2 of its levels.

You collected 89 gold pieces.

Inventory:

Hand Weapons
 a - a +3 short sword (weapon)
 h - a +0 sling
 j - a +0 dagger
Missiles
 e - 16 stones
Armour
 b - a +0 robe (worn)
 c - a +0 hat
 f - a +0 helmet of see invisible (worn)
Scrolls
 i - a scroll of poison {unknown}
Potions
 d - a potion of magic


   Skills:
 + Level 0.5 Short Blades
 + Level 0.6 Ranged Weapons
 + Level 3.0 Dodging
 + Level 3.0 Stealth
 + Level 4.6 Spellcasting
 + Level 1.6 Conjurations
 + Level 1.5 Summonings
 + Level 1.8 Translocations


You had 10 spell levels left.
You knew the following spells:

 Your Spells              Type           Power      Damage    Failure   Level
a - Magic Dart            Conj           40%        1d5       7%          1

Your spell library contained the following spells:

 Spells                   Type           Power      Damage    Failure   Level
 Blink                    Tloc           20%        N/A       10%         2
 Call Imp                 Summ           18%        N/A       11%         2
 Slow                     Hex            16%        N/A       14%         1
 Cigotuvi's Dreadful Rot  Necr/Pois/Air  8%         N/A       21%         2
 Sublimation of Blood     Necr           4%         N/A       21%         2
 Wereblood                Tmut           4%         N/A       21%         2
 Mephitic Cloud           Conj/Pois/Air  6%         N/A       32%         3
 Summon Hydra             Summ           4%         N/A       100%        7


Dungeon Overview and Level Annotations

Branches:
Dungeon (2/15)

Altars:


Message History

The magic dart hits the adder.
The adder is moderately wounded.
You feel sick. The adder bites you.
You are more poisoned.
The adder poisons you! The adder bites you.
You are lethally poisoned!
The adder poisons you!
Casting: Magic Dart (safe; 7% risk of failure)
Confirm with . or Enter, or press ? or * to list all spells.
Aiming: Magic Dart (safe; 7% risk of failure)
Press: ? - help, Shift-Dir - straight line, f/p - adder
Aim: an adder (moderately wounded, 100% to hit)
The magic dart hits the adder.
The adder is heavily wounded.
You feel very sick. The adder barely misses you.
Casting: Magic Dart (safe; 7% risk of failure)
Confirm with . or Enter, or press ? or * to list all spells.
Aiming: Magic Dart (safe; 7% risk of failure)
Press: ? - help, Shift-Dir - straight line, f/p - adder
Aim: an adder (heavily wounded, 100% to hit)
The magic dart hits the adder but does no damage.
The adder is heavily wounded.
You feel very sick. The adder bites you.
* * * LOW HITPOINT WARNING * * *
Casting: Magic Dart (safe; 7% risk of failure)
Confirm with . or Enter, or press ? or * to list all spells.
Aiming: Magic Dart (safe; 7% risk of failure)
Press: ? - help, Shift-Dir - straight line, f/p - adder
Aim: an adder (heavily wounded, 100% to hit)
The magic dart hits the adder.
The adder is severely wounded.
* * * LOW HITPOINT WARNING * * *
You feel sick. The adder barely misses you. The adder bites you.
* * * LOW HITPOINT WARNING * * *
It was a potion of berserk rage.
A red film seems to cover your vision as you go berserk!
You feel yourself moving faster!
You feel mighty!
You die...

#.##.####.#.##
#.##.####.#..##
####......#.#.#
##########.# #.# #.# #.#
#.# #@#.. #S#.# #.#.#
#.#.# #.#.# #w#.#
###########.#.#######
####......##...........#
..........##.#.#.##....###


You could see an adder and a dart slug.

Vanquished Creatures
  2 adders (D:2)
  3 ball pythons (D:1)
  2 bats
  7 endoplasms
  2 giant cockroaches
  2 hobgoblins (D:2)
  2 kobolds (D:1)
  2 quokkas (D:1)
  4 frilled lizards
  A goblin (D:1)
  2 rats (D:1)
29 creatures vanquished.

Notes
Turn   | Place    | Note
-------+----------+-------------------------------------------
     0 | D:1      | Lobster4 the Deep Elf Hedge Wizard began the quest for the
                  | Orb.
     0 | D:1      | Reached XP level 1. HP: 10/10 MP: 7/7
   380 | D:1      | Reached XP level 2. HP: 15/15 MP: 5/9
  1018 | D:2      | Reached XP level 3. HP: 19/19 MP: 2/11
  1362 | D:2      | Succumbed to an adder's poison

Illustrated notes

Levels and vault maps discovered:
D:1:      erik_arrival_orb_chamber, layout_loops_ring
D:2:      layout_basic, serial_shops, nicolae_shop_crystal,
          nicolae_shop_just_a_little_nook, shop, minmay_hexomino_c4,
          uniq_crazy_yiuf_cottage

Skill      XL: |  1  2  3 |
---------------+----------+-----
Dodging        | 3 |  3.0
Stealth        | 3 |  3.0
Short Blades   | |  0.5
Ranged Weapons | |  0.6
Spellcasting   | |  4.6
Conjurations   | |  1.6
Summonings     | |  1.5
Translocations | |  1.8

Action                     || total
---------------------------++-------
  Melee: Short sword       ||     9
   Cast: Magic Dart        ||    71
    Use: Potion            ||     1
   Stab: Sleeping          ||     1
 Armour: Robe              ||    13
  Dodge: Dodged            ||    12

Table legend: (Time is in decaauts)
 A = Elapsed time spent in this place.
 B = Non-inter-level travel time spent in this place.
 C = Inter-level travel time spent in this place.
 D = Time resting spent in this place.
 E = Time spent auto-exploring this place.
 F = Levels seen in this place.
 G = Mean time per level.
                   A        B        C        D        E       F      G
               +--------+--------+--------+--------+--------+-----+--------+
         Total |   1361 |   1342 |     19 |     86 |   1082 |   2 |  680.5 |
       Dungeon |   1361 |   1342 |     19 |     86 |   1082 |   2 |  680.5 |
               +--------+--------+--------+--------+--------+-----+--------+

Top non-repeatable levels by time:
     D:1: 1009 daAuts
     D:2: 351 daAuts
